 Dungeon Crawl Stone Soup version 0.21.0-3-g78d12a8 (webtiles) character file.

8288 Gruud the Slicer (level 11, -1/72 HPs)
             Began as a Demonspawn Necromancer on Jan 9, 2018.
             Was a Follower of Uskayaw.
             Slain by a seven-headed hydra (16 damage)
             ... on level 1 of the Lair of Beasts on Jan 13, 2018.
             The game lasted 01:17:27 (10029 turns).

Gruud the Slicer (Demonspawn Necromancer)          Turns: 10029, Time: 01:17:28

Health: -1/72      AC: 15    Str: 10    XL:     11   Next: 7%
Magic:  9/15       EV: 13    Int: 16    God:    Uskayaw [*.....]
Gold:   646        SH:  0    Dex: 16    Spells: 2/14 levels left

rFire    . . .     SeeInvis .   a - +1 dagger
rCold    + . .     Gourm    .   (no shield)
rNeg     . . .     Faith    .   f - +2 robe {Archmagi}
rPois    .         Spirit   .   M - +1 hat
rElec    .         Reflect  .   (no cloak)
rCorr    .         Harm     .   m - +0 pair of gloves
MR       .....                  y - +1 pair of boots
Stlth    ++++++....             J - amulet of regeneration
HPRegen  0.62/turn              l - +3 ring of protection
MPRegen  0.14/turn              (no ring)

@: very slightly contaminated
A: horns 2, iridescent scales 2, cold resistance 1, nightstalker 2, freezing
cloud immunity
a: Stomp, Renounce Religion


You were on level 1 of the Lair of Beasts.
You worshipped Uskayaw.
Uskayaw was noncommittal.
You were hungry.

You visited 3 branches of the dungeon, and saw 13 of its levels.
You also visited: Ossuary.

You collected 646 gold pieces.

Inventory:

Hand Weapons
 a - a +1 dagger (weapon)
 b - a +0 hunting sling
 u - a +0 blowgun
 F - a +0 rapier
 H - a +0 long sword
Missiles
 k - 315 stones (quivered)
 o - 91 sling bullets
 v - 20 poisoned needles
 R - 8 curare-tipped needles
 S - 2 throwing nets
Armour
 f - a +2 robe of the Archmagi (worn)
 m - a +0 pair of gloves (worn)
 x - a cursed +0 robe
 y - a +1 pair of boots (worn)
 M - a +1 hat (worn)
Jewellery
 i - an uncursed ring of ice
 l - a +3 ring of protection (left hand)
 J - an amulet of regeneration (around neck)
Wands
 d - a wand of clouds (1)
 z - a wand of flame (9)
 L - a wand of random effects (28)
 N - a wand of digging (10)
Scrolls
 e - 5 scrolls of identify
 g - 7 scrolls of teleportation
 h - 6 scrolls of remove curse
 t - 2 scrolls of enchant weapon
 w - 3 scrolls of enchant armour
 B - a scroll of noise {unknown}
 G - a scroll of magic mapping {unknown}
Potions
 j - a potion of invisibility
 p - 2 potions of resistance
 q - 5 potions of heal wounds
 r - 3 potions of might
 s - a potion of haste
 A - 4 potions of mutation
 D - 2 potions of curing
 E - 2 potions of brilliance
 I - a potion of flight
 K - a potion of berserk rage
 P - a potion of ambrosia
Books
 n - a book of Necromancy

   Spells                             Type                      Level
   a - Pain                           Necromancy                   1
   b - Animate Skeleton               Necromancy                   1
   c - Vampiric Draining              Necromancy                   3
   d - Regeneration                   Charms/Necromancy            3
   e - Animate Dead                   Necromancy                   4
   f - Borgnjor's Vile Clutch         Necromancy/Earth             5
 C - a book of Maledictions

   Spells                             Type                      Level
   a - Corona                         Hexes                        1
   b - Ensorcelled Hibernation        Hexes/Ice                    2
   c - Confuse                        Hexes                        3
   d - Tukima's Dance                 Hexes                        3
   e - Dazzling Spray                 Conjuration/Hexes            3
 Q - a book of Enchantments

   Spells                             Type                      Level
   a - Cause Fear                     Hexes                        4
   b - Yara's Violent Unravelling     Hexes/Transmutation          5
   c - Silence                        Hexes/Air                    5
   d - Deflect Missiles               Charms/Air                   6
   e - Discord                        Hexes                        8
Comestibles
 c - 20 rations


   Skills:
 + Level 1.7 Fighting
 * Level 9.4 Short Blades
 + Level 2.5 Dodging
 + Level 7.4 Stealth
 - Level 2.0 Spellcasting
 - Level 7.2 Hexes
 - Level 9.0 Necromancy
 + Level 6.5 Invocations


You had 2 spell levels left.
You knew the following spells:

 Your Spells              Type           Power        Failure   Level  Hunger
a - Blink                 Tloc           N/A          30%         2    ###....
b - Animate Skeleton      Necr           N/A          1%          1    #......
c - Vampiric Draining     Necr           #####.....   1%          3    ###....
d - Regeneration          Chrm/Necr      ###.......   10%         3    ###....
e - Dazzling Spray        Conj/Hex       ###...       14%         3    ###....


Dungeon Overview and Level Annotations

Branches:
Dungeon (11/15)            Temple (1/1) D:7            Lair (1/6) D:8
    Orc: D:9-12

Altars:
Ashenzari
Cheibriados
Dithmenos
Elyvilon
Fedhas
Gozag
Kikubaaqudgha
Makhleb
Nemelex Xobeh
Okawaru
Qazlal
Ru
Sif Muna
Trog
Uskayaw
Vehumet
Wu Jian
Xom
Yredelemnul
Zin
The Shining One

Shops:
D:8 [

Annotations:
D:6 Eel vault, exclusion: door
D:11 Erica, Harold


Innate Abilities, Weirdness & Mutations

You have a pair of horns on your head.
You are mostly covered in iridescent scales. (AC +4)
Your flesh is cold resistant. (rC+)
You are significantly more attuned to the shadows.
You are immune to freezing clouds.


Message History

The seven-headed hydra closely misses you.
Casting: Dazzling Spray
Confirm with . or Enter, or press ? or * to list all spells.
Aiming: Dazzling Spray
Press: ? - help, Shift-Dir - straight line, f/p - seven-headed hydra
Aim: a seven-headed hydra (flame, severely wounded)
You feel a surge of power!
The spray of energy hits the seven-headed hydra.
The seven-headed hydra is severely wounded.
The seven-headed hydra is engulfed in blazing flames.
The seven-headed hydra bites you!
The seven-headed hydra barely misses you.
The seven-headed hydra bites you.
* * * LOW HITPOINT WARNING * * *
The seven-headed hydra bites you.
* * * LOW HITPOINT WARNING * * *
The seven-headed hydra bites you.
* * * LOW HITPOINT WARNING * * *
The seven-headed hydra bites you!
You die...

......###.##.P#.#
.....#.......#.#
#..............#
#............#.#
#....#.......#§#
#....#.......#§#
#............#§#
#....#.......#D#
#....#.......#@#
#....#####.##..#
................##
.................#
..........##
##.#.##..#
###..###..#
#.....#...#
#.....##..#


You could see a seven-headed hydra.

Vanquished Creatures
  A two-headed ogre (D:8)
  Pikel (D:6)
  A komodo dragon (D:10)
  5 hippogriffs
  Sigmund (D:6)
  2 wraiths
  9 yaks
  A spriggan (D:8)
  A steam dragon (D:8)
  Edmund (D:4)
  2 water moccasins
  A sky beast (D:10)
  3 orc warriors
  4 ogres
  3 phantoms
  A necrophage (D:8)
  2 black bears
  A crocodile (D:7)
  3 centaurs
  A big kobold (D:10)
  Blork the orc (D:6)
  6 bullfrogs
  2 scorpions
  A killer bee (D:8)
  A troll skeleton (D:9)
  4 spriggan skeletons (D:9)
  3 crimson imps
  2 bullfrog zombies
  A quasit (D:10)
  2 orc priests
  4 centaur skeletons
  8 hounds
  6 orc wizards
  3 iguanas
  6 worker ants
  A killer bee zombie (D:5)
  A hound skeleton (D:8)
  3 mummies
  4 gnolls (D:10)
  9 adders
  A shadow imp (D:6)
  An adder zombie (D:6)
  2 oozes (D:2)
  3 adder skeletons
  6 worms
  2 dart slugs (D:1)
  6 leopard geckos
  15 orcs
  3 giant cockroaches
  3 hobgoblins
  9 jackals
  10 kobolds
  3 quokkas
  A ball python (D:3)
  5 bats (D:1)
  7 frilled lizards
  A giant cockroach zombie (D:6)
  5 gnoll skeletons (Ossuary)
  8 goblins
  A jackal skeleton (D:7)
  8 kobold skeletons (Ossuary)
  2 leopard gecko skeletons
  12 orc skeletons (Ossuary)
  10 rats
236 creatures vanquished.

Vanquished Creatures (collateral kills)
  A yak (D:10)
  An eye of draining (D:10)
  An orc warrior (D:9)
  A centaur (D:10)
  A bullfrog (D:7)
  3 killer bees
  2 orc wizards
  A worker ant zombie (D:7)
  An adder (D:3)
  5 orcs
  2 bats
  A kobold (D:1)
  A quokka (D:2)
  A ball python (D:2)
22 creatures vanquished.

Vanquished Creatures (others)
  A leopard gecko (D:6)
1 creature vanquished.

Grand Total: 259 creatures vanquished

Notes
Turn   | Place    | Note
-------+----------+-------------------------------------------
     0 | D:1      | Gruud the Demonspawn Necromancer began the quest for the Orb.
     0 | D:1      | Reached XP level 1. HP: 13/13 MP: 3/3
     2 | D:1      | Learned a level 1 spell: Animate Skeleton
   177 | D:1      | Gained mutation: You are slightly more attuned to the shadows. [demonic ancestry]
   177 | D:1      | Reached XP level 2. HP: 14/19 MP: 0/5
   325 | D:1      | Reached skill level 5 in Necromancy
   647 | D:1      | Gained mutation: Your flesh is cold resistant. (rC+) [demonic ancestry]
   647 | D:1      | Reached XP level 3. HP: 18/24 MP: 6/6
   733 | D:1      | Learned a level 3 spell: Vampiric Draining
  1369 | D:2      | Gained mutation: You have a pair of small horns on your head. [demonic ancestry]
  1369 | D:2      | Reached XP level 4. HP: 23/30 MP: 7/7
  1593 | D:3      | Found a sparkling altar of Nemelex Xobeh.
  1596 | D:3      | Found a basalt altar of Yredelemnul.
  1599 | D:3      | Found a bloodstained altar of Trog.
  1785 | D:3      | Reached skill level 1 in Short Blades
  1979 | D:3      | Gained mutation: You are immune to freezing clouds. [demonic ancestry]
  1979 | D:3      | Reached XP level 5. HP: 19/35 MP: 0/8
  2140 | D:3      | Found a faded altar of an unknown god.
  2301 | D:4      | Found a burning altar of Makhleb.
  2377 | D:3      | Learned a level 3 spell: Regeneration
  2549 | D:4      | Gained mutation: You have a pair of horns on your head. [demonic ancestry]
  2549 | D:4      | Reached XP level 6. HP: 41/41 MP: 9/9
  2585 | D:4      | Found a glowing golden altar of the Shining One.
  2809 | D:4      | Noticed Edmund
  2880 | D:4      | Killed Edmund
  3075 | D:5      | Entered Level 5 of the Dungeon
  3606 | D:5      | Gained mutation: You are partially covered in iridescent scales. (AC +2) [demonic ancestry]
  3606 | D:5      | Reached XP level 7. HP: 19/46 MP: 2/10
  3655 | D:5      | Found a snail-covered altar of Cheibriados.
  4404 | D:6      | Found a shadowy altar of Dithmenos.
  4424 | D:6      | Noticed Sigmund
  4482 | D:6      | Killed Sigmund
  4482 | D:6      | Gained mutation: You are significantly more attuned to the shadows. [demonic ancestry]
  4482 | D:6      | Reached XP level 8. HP: 20/52 MP: 11/11
  4566 | D:6      | Found a sacrificial altar of Ru.
  4620 | D:6      | Noticed Blork the orc
  4623 | D:6      | Killed Blork the orc
  4623 | D:6      | Reached skill level 5 in Short Blades
  4687 | D:6      | Learned a level 3 spell: Dazzling Spray
  4732 | D:6      | Noticed Pikel
  4794 | D:6      | Killed Pikel
  4794 | D:6      | Reached skill level 5 in Stealth
  5595 | D:7      | Found a staircase to the Ecumenical Temple.
  5614 | Temple   | Entered the Ecumenical Temple
  5730 | Temple   | Became a worshipper of Uskayaw the Reveler
  5754 | D:7      | Noticed a hippogriff
  5771 | D:6      | Reached * piety under Uskayaw
  5774 | D:6      | Reached ** piety under Uskayaw
  5780 | D:6      | Killed a hippogriff
  5780 | D:6      | Reached skill level 1 in Invocations
  5780 | D:6      | Reached XP level 9. HP: 12/57 MP: 3/12
  5780 | D:6      | Reached *** piety under Uskayaw
  6884 | D:8      | Reached **** piety under Uskayaw
  7034 | D:8      | Found Ytuobatho's Armour Boutique.
  7086 | D:8      | Reached skill level 5 in Hexes
  7236 | D:8      | Found a sand-covered staircase.
  7255 | Ossuary  | Entered an ossuary
  7625 | D:8      | Noticed a two-headed ogre
  7667 | D:8      | Killed a two-headed ogre
  7667 | D:8      | Gained mutation: You are mostly covered in iridescent scales. (AC +4) [demonic ancestry]
  7667 | D:8      | Reached XP level 10. HP: 63/63 MP: 13/13
  7785 | D:8      | Found a staircase to the Lair.
  8964 | D:10     | Entered Level 10 of the Dungeon
  8999 | D:10     | Reached skill level 5 in Invocations
  9166 | D:10     | Learned a level 2 spell: Blink
  9664 | D:10     | Reached skill level 1 in Fighting
  9680 | D:10     | Reached ***** piety under Uskayaw
  9695 | D:10     | Reached ****** piety under Uskayaw
  9709 | D:10     | Reached XP level 11. HP: 26/71 MP: 1/15
  9865 | D:11     | Noticed Erica
  9902 | D:11     | Noticed Harold
  9902 | D:11     | Noticed a cyan ugly thing
  9963 | Lair:1   | Entered Level 1 of the Lair of Beasts
 10011 | Lair:1   | Noticed a seven-headed hydra
 10029 | Lair:1   | Slain by a seven-headed hydra

Skill      XL: |  1  2  3  4  5  6  7  8  9 10 |
---------------+-------------------------------+-----
Necromancy     | 5 6 7 8 9 |  9.0
Stealth        | 2 3 4 5 6 7 |  7.4
Short Blades   | 1 2 3 4 6 8 9 |  9.4
Hexes          | 2 5 7 |  7.2
Invocations    | 1 4 6 |  6.5
Dodging        | 2 |  2.5
Fighting       | 1 |  1.7
Spellcasting   | |  2.0

Action                   |  1- 3 |  4- 6 |  7- 9 | 10-12 || total
-------------------------+-------+-------+-------+-------++-------
Melee: Club              |    39 |       |       |       ||    39
       Dagger            |    74 |   169 |   241 |   148 ||   632
       Headbutt          |       |    27 |    75 |    54 ||   156
       Short sword       |       |    26 |   131 |       ||   157
       Rapier            |       |       |    85 |   135 ||   220
 Fire: Blowgun           |       |    10 |    21 |       ||    31
       Hunting sling     |       |       |    50 |     3 ||    53
Throw: Stone             |       |       |     6 |     1 ||     7
 Cast: Pain              |    23 |    22 |     4 |       ||    49
       Animate Skeleton  |    15 |    18 |    20 |    12 ||    65
       Vampiric Draining |     2 |    20 |     7 |     4 ||    33
       Regeneration      |       |     4 |    22 |    11 ||    37
       Dazzling Spray    |       |       |    14 |     8 ||    22
Invok: Stomp             |       |       |     1 |       ||     1
Evoke: Wand              |       |       |     3 |     7 ||    10
  Use: Scroll            |       |     7 |    15 |     2 ||    24
       Potion            |       |       |     6 |       ||     6
 Stab: Sleeping          |    12 |     7 |    26 |    17 ||    62
       Distracted        |       |     1 |     2 |       ||     3
       Invisible         |       |       |     3 |     4 ||     7
       Paralysed         |       |       |     6 |     7 ||    13
  Eat: Chunk             |     2 |     9 |    17 |    11 ||    39
       Ration            |       |     1 |     1 |       ||     2
Armor: Robe              |    33 |    67 |   167 |    98 ||   365
       Skin              |       |       |    53 |       ||    53
Dodge: Dodged            |    68 |   144 |   230 |   132 ||   574
